 Dungeon Crawl Stone Soup version 0.31-a0-165-g3f4f80340b (webtiles) character file.

Game seed: 12512519555178768171

93 qw the Shooter (level 4, -3/39 HPs)
             Began as a Naga Hunter on June 13, 2023.
             Slain by a goblin
             ... wielding a +0 club
             ... led by Robin
              (4 damage)
             ... on level 3 of the Dungeon.
             The game lasted 00:00:34 (1755 turns).

qw the Shooter (Naga Hunter)                        Turns: 1755, Time: 00:00:34

Health: -3/39      AC:  4    Str: 14    XL:     4   Next: 61%
Magic:  4/4        EV:  9    Int:  9    God:
Gold:   94         SH:  0    Dex: 16    Spells: 3/3 levels left

rFire   . . .        Y - +0 shortbow
rCold   . . .        (shield currently unavailable)
rNeg    . . .        c - +0 leather armour
rPois   +            (no helmet)
rElec   .            (no cloak)
rCorr   .            e - +1 pair of gloves
SInv    +            (no barding)
Will    .....        (no amulet)
Stlth   ++           (no ring)
HPRegen 0.26/turn    (no ring)
MPRegen 0.09/turn

%: no passive effects
@: short of breath, very slow
A: AC +1, large, see invisible, deformed body, poison resistance, slowness 2,
spit poison 1, naga tail 1
a: Spit Poison


You were on level 3 of the Dungeon.
You visited 1 branch of the dungeon, and saw 3 of its levels.

You collected 94 gold pieces.


Innate Abilities, Weirdness & Mutations

Your serpentine skin is tough. (AC +1)
You have supernaturally acute eyesight. (SInv)
Armour fits poorly on your strangely shaped body.
Your system is resistant to poisons. (rPois)
You cover ground very slowly.
You can spit poison.
You have a snake-like lower body.


   Skills:
 + Level 2.2 Fighting
 - Level 5.2 Ranged Weapons
 - Level 1.5 Dodging
 - Level 1.5 Stealth


You had 3 spell levels left.
You didn't know any spells.
Your spell library was empty.

Inventory:

Hand Weapons
 Y - a +0 shortbow (weapon)
Armour
 a - a +0 cloak
 c - a +0 leather armour (worn)
 e - a +1 pair of gloves (worn)
Potions
 b - a potion of might {unknown}
 d - 4 potions of curing
 f - a potion of enlightenment {unknown}

Dungeon Overview and Level Annotations

Branches:
Dungeon (3/15)

Altars:
Makhleb
Ru

Annotations:
D:3 Robin


Message History

You kill the goblin!
The goblin hits you with a +0 club.
Robin of the Strong Arm comes into view.
They are wielding a +0 short sword of speed.
You shoot an arrow. The arrow hits the goblin.
The goblin is severely wounded.
The goblin barely misses you. The goblin hits you but does no damage.
The goblin misses you.
You shoot an arrow. The arrow closely misses the goblin.
The goblin closely misses you. The goblin barely misses you.
The goblin hits you with a +0 club. The goblin hits you but does no damage.
You shoot an arrow. The arrow closely misses the goblin.
The goblin hits you but does no damage. The goblin misses you.
The goblin hits you but does no damage.
You shoot an arrow. The arrow completely misses the goblin.
The goblin closely misses you. The goblin hits you with a +0 club. x2
The goblin completely misses you.
You shoot an arrow. The arrow barely misses the goblin.
The goblin barely misses you.
The goblin hits you but does no damage. x3
The goblin hits you with a +0 club. The goblin barely misses you.
Robin throws the goblin at you! The goblin closely misses you.
The goblin hits you but does no damage. The goblin barely misses you.
The goblin hits you with a +0 club.
You shoot an arrow. The arrow hits the goblin.
You kill the goblin!
You have got your breath back.
Robin throws the goblin at you! The goblin hits you with a +0 club.
The goblin barely misses you. x2; The goblin hits you with a +0 club.
1753 ||| INVOKING Spit Poison.
Aiming: Spit Poison (1% risk of failure)
Press: ? - help, Shift-Dir - straight line, f - goblin The splash of poison hits the goblin.
The goblin is poisoned.
You kill the goblin!
The goblin closely misses you. x2; The goblin hits you with a +0 club.
You shoot an arrow.
The arrow hits Robin but does no damage.
Robin hits you but does no damage. The goblin hits you with a +0 club. x3
You shoot an arrow. The arrow barely misses Robin.
Robin barely misses you. The goblin hits you but does no damage.
The goblin hits you with a +0 club. x2
You die...

.P.....P..#.......# #
.P.PPP.P..###'#...###.
................##...
.PPPPPPP........##.##
...................###
###....###........#
##### ##.....#.#
###.g.).# #...g@).#
#...gg).# #.$...)<#
#......)# #...###..
#... #... #... ....
#... .?...


You could see Robin and 3 goblins.

Vanquished Creatures
  Jessica (D:3)
  A gnoll (D:1)
  2 worms (D:2)
  A dart slug (D:2)
  2 bats
  4 endoplasms
  A giant cockroach (D:2)
  4 hobgoblins
  5 jackals
  3 kobolds (D:1)
  3 ball pythons
  3 frilled lizards
  12 goblins
  3 rats
45 creatures vanquished.

Notes
Turn   | Place    | Note
-------+----------+-------------------------------------------
     0 | D:1      | qw the Naga Hunter began the quest for the Orb.
     0 | D:1      | Reached XP level 1. HP: 19/19 MP: 1/1
     0 | D:1      | 0 ||| qw: Version: 0.2-a-29-gc1b59c4
     0 | D:1      | 0 ||| qw: Game counter: 4631
     0 | D:1      | 0 ||| qw: Always use a shield: true
     0 | D:1      | 0 ||| qw: God list: Okawaru
     0 | D:1      | 0 ||| qw: Allow faded altars: false
     0 | D:1      | 0 ||| qw: Do Orc after D:15 true
     0 | D:1      | 0 ||| qw: Do second Lair branch before Depths: true
     0 | D:1      | 0 ||| qw: Lair rune preference: random
     0 | D:1      | 0 ||| qw: Plans: Normal
     0 | D:1      | 0 ||| PLANNING D:1-11
    36 | D:1      | 36 ||| INVOKING Spit Poison.
    40 | D:1      | 40 ||| INVOKING Spit Poison.
    45 | D:1      | 45 ||| INVOKING Spit Poison.
   197 | D:1      | 197 ||| INVOKING Spit Poison.
   225 | D:1      | 225 ||| INVOKING Spit Poison.
   287 | D:1      | 287 ||| INVOKING Spit Poison.
   288 | D:1      | Reached skill level 4 in Ranged Weapons
   288 | D:1      | Reached XP level 2. HP: 26/26 MP: 2/2
   339 | D:1      | 339 ||| INVOKING Spit Poison.
   344 | D:1      | 344 ||| INVOKING Spit Poison.
   423 | D:1      | 423 ||| INVOKING Spit Poison.
   429 | D:1      | 429 ||| INVOKING Spit Poison.
   434 | D:1      | 434 ||| INVOKING Spit Poison.
   438 | D:1      | HP: 5/26 [jackal (3)]
   440 | D:1      | 440 ||| INVOKING Spit Poison.
   532 | D:1      | 532 ||| INVOKING Spit Poison.
   554 | D:1      | Reached XP level 3. HP: 32/32 MP: 3/3
   586 | D:1      | 586 ||| INVOKING Spit Poison.
   727 | D:1      | 727 ||| INVOKING Spit Poison.
   773 | D:1      | 773 ||| INVOKING Spit Poison.
   776 | D:1      | 776 ||| INVOKING Spit Poison.
   991 | D:1      | 991 ||| UPGRADING to +1 pair of gloves.
   996 | D:1      | 996 ||| READING scroll labelled LESEUFFE KATUS.
   997 | D:1      | 997 ||| DRINKING 2 emerald potions.
   998 | D:1      | 998 ||| DROPPING scroll of butterflies.
  1033 | D:2      | 1033 ||| INVOKING Spit Poison.
  1046 | D:2      | 1046 ||| INVOKING Spit Poison.
  1107 | D:2      | 1107 ||| INVOKING Spit Poison.
  1111 | D:2      | 1111 ||| INVOKING Spit Poison.
  1131 | D:2      | 1131 ||| INVOKING Spit Poison.
  1138 | D:2      | 1138 ||| INVOKING Spit Poison.
  1150 | D:2      | 1150 ||| INVOKING Spit Poison.
  1153 | D:2      | 1153 ||| INVOKING Spit Poison.
  1164 | D:2      | 1164 ||| INVOKING Spit Poison.
  1169 | D:2      | 1169 ||| INVOKING Spit Poison.
  1222 | D:2      | Found a burning altar of Makhleb.
  1238 | D:2      | 1238 ||| INVOKING Spit Poison.
  1491 | D:2      | 1491 ||| READING scroll labelled COJAYRIREAJ.
  1511 | D:3      | Noticed Jessica
  1512 | D:3      | 1512 ||| INVOKING Spit Poison.
  1517 | D:3      | 1517 ||| INVOKING Spit Poison.
  1518 | D:3      | HP: 4/32 [Jessica/+3 dagger of electrocution (8)]
  1519 | D:3      | Killed Jessica
  1520 | D:3      | Reached skill level 5 in Ranged Weapons
  1520 | D:3      | Reached XP level 4. HP: 6/39 MP: 4/4
  1656 | D:3      | Found a sacrificial altar of Ru.
  1735 | D:3      | 1735 ||| INVOKING Spit Poison.
  1738 | D:3      | 1738 ||| INVOKING Spit Poison.
  1741 | D:3      | 1741 ||| INVOKING Spit Poison.
  1746 | D:3      | 1746 ||| INVOKING Spit Poison.
  1746 | D:3      | Noticed Robin
  1753 | D:3      | 1753 ||| INVOKING Spit Poison.
  1754 | D:3      | HP: 9/39 [goblin/+0 club[Robin] (2)]
  1755 | D:3      | HP: 1/39 [goblin/+0 club[Robin] (4)]
  1755 | D:3      | Slain by a goblin

Levels and vault maps discovered:
D:1:      giann_horns, layout_basic
D:2:      layout_rooms, basic_altar, nicolae_wormholes
D:3:      layout_basic, mainiacjoe_overflow_24_doors,
          mainiacjoe_overflow_cross_hatched, mainiacjoe_overflow_boulevard,
          mainiacjoe_overflow_tiny_flanked, dk_vineyard_3, uniq_robin,
          uniq_jessica

Skill      XL: |  1  2  3 |
---------------+----------+-----
Ranged Weapons | 4 5 |  5.2
Fighting       | |  2.2
Dodging        | |  1.5
Stealth        | |  1.5

Action                     |  1- 3 |  4- 6 || total
---------------------------+-------+-------++-------
   Fire: Shortbow          |    78 |    18 ||    96
Ability: Spit Poison       |    30 |     5 ||    35
    Use: Scroll            |     2 |       ||     2
         Potion            |     1 |       ||     1
 Armour: Leather armour    |    10 |    16 ||    26
  Dodge: Dodged            |    22 |    22 ||    44

Table legend:
 A = Non-vault XP
 B = Vault XP
 C = Vault XP percentage of total XP
 D = Non-vault monster count
 E = Vault monster count
 F = Vault count percentage of total count
                 A         B        C        D         E       F
            +---------+---------+-------+---------+---------+-------
      Total |      70 |      63 |  47.4 |      34 |      11 |  24.4
            +---------+---------+-------+---------+---------+-------
        D:1 |      43 |       0 |   0.0 |      19 |       0 |   0.0
        D:2 |      26 |      10 |  27.8 |      14 |       2 |  12.5
        D:3 |       1 |      53 |  98.1 |       1 |       9 |  90.0
            +---------+---------+-------+---------+---------+-------
